Map: King's Cove LE

Players

Smileblind

  • Race: Protoss Protoss
  • League: Silver
  • Spawn Location: 5:00

javr - Winner!

  • Race: Protoss Protoss
  • League: Silver
  • Spawn Location: 11:00

VOD

Have the link to the VOD?

Description

Time

  • Played on: Feb. 10, 2019, 1:12 a.m.
  • Length: 9:48
Show
View Real Time Build Order
Export as new Build Order

Smileblind Protoss 

Build Orders:  

Get SALT Encoding   

  12  0:02  Probe  
  14  0:14  Probe  
  14  0:19  Pylon  
  14  0:26  Probe  
  15  0:34  Probe  
  15  0:42  Probe  
  16  0:46  Forge  
  17  0:56  Gateway  
  17  0:58  Probe  
  18  1:07  Assimilator  
  18  1:11  Probe  
  19  1:12  Assimilator  
  19  1:21  Pylon  
  19  1:32  Gateway  
  19  1:42  Probe  
  19  1:46  Cybernetics Core  
  20  1:50  Probe  
  20  1:58  Photon Cannon  
  21  2:11  Gateway  
  21  2:12  Warp Gate  
  21  2:19  Gateway  
  21  2:27  Probe  
  22  2:35  Gateway  
  22  2:37  Stalker  
  22  2:40  Probe  
  25  2:46  Stalker  
  27  3:05  Pylon  
  27  3:07  Adept  
  29  3:20  Stalker  
  31  3:29  Shield Battery  
  31  3:32  Stalker  
  33  3:40  Stalker  
  35  3:49  Stalker  
  35  3:50  Stalker  
  39  4:00  Pylon  
  39  4:08  Pylon  
  39  4:13  Pylon  
  39  4:28  Pylon, Sentry x2  
  43  4:37  Protoss Ground Weapons Level 1  
  43  4:54  Nexus  
  43  5:05  Zealot  
  45  5:16  Twilight Council  
  45  5:23  Probe  
  45  5:24  Shield Battery  
  46  5:31  Probe  
  46  5:39  Charge, Probe  
  48  5:50  Gateway  
  48  5:51  Probe  
  49  6:03  Probe  
  50  6:06  Probe  
  51  6:14  Probe  
  51  6:15  Probe  
  52  6:22  Probe  
  52  6:24  Zealot  
  55  6:27  Probe  
  55  6:29  Zealot  
  59  6:34  Probe, Zealot  
  59  6:39  Probe  
  63  6:41  Assimilator  
  63  6:46  Probe  
  64  6:51  Probe  
  64  6:54  Pylon  
  65  6:55  Zealot  
  65  6:58  Probe  
  68  7:03  Probe, Zealot  
  71  7:10  Zealot  
  71  7:11  Zealot x2  
  77  7:15  Pylon  
  77  7:17  Zealot  
  77  7:20  Zealot  
  81  7:32  Assimilator  
  81  7:34  Zealot x2  
  85  7:38  Stalker  
  87  7:45  Probe  
  87  7:50  Probe  
  89  7:53  Probe  
  89  7:56  Pylon  
  86  8:02  Probe  
  72  8:06  Stalker  
  72  8:07  Stalker x2  
  72  8:10  Stalker  
  79  8:15  Stalker, Probe  
  68  8:24  Stalker  
  65  8:27  Probe  
  65  8:33  Photon Cannon  
  65  8:35  Sentry x2  
  65  8:37  Photon Cannon  
  65  8:40  Stalker  
  71  8:49  Shield Battery  
  71  8:54  Dark Shrine  
  71  8:58  Shield Battery  
  71  9:00  Stalker  
  68  9:16  Stalker  
  56  9:17  Stalker  
  52  9:25  Stalker  
  39  9:38  Stalker  
Show
View Real Time Build Order
Export as new Build Order

javr Protoss - Winner!

Build Orders:  

Get SALT Encoding   

  12  0:00  Probe  
  13  0:23  Probe  
  13  0:25  Pylon  
  14  0:33  Pylon  
  14  0:36  Probe  
  15  0:48  Probe  
  16  0:56  Forge  
  16  0:59  Probe  
  17  1:07  Probe  
  18  1:16  Gateway  
  18  1:37  Photon Cannon  
  18  1:41  Photon Cannon  
  18  1:51  Pylon  
  18  2:09  Nexus  
  18  2:19  Probe  
  18  2:22  Cybernetics Core  
  19  2:27  Probe  
  19  2:30  Assimilator  
  20  2:39  Probe  
  20  2:41  Assimilator  
  21  2:50  Photon Cannon  
  21  2:58  Assimilator  
  21  3:00  Probe  
  23  3:12  Probe  
  23  3:13  Photon Cannon  
  23  3:19  Probe  
  24  3:27  Probe  
  25  3:36  Probe  
  25  3:40  Pylon  
  26  3:48  Probe  
  26  3:51  Pylon  
  27  3:55  Stargate  
  27  4:00  Probe  
  28  4:05  Probe  
  29  4:13  Probe  
  30  4:21  Photon Cannon  
  30  4:25  Probe  
  30  4:26  Stargate  
  31  4:33  Probe  
  31  4:36  Assimilator  
  32  4:41  Probe  
  33  4:51  Probe, Void Ray  
  38  5:03  Probe  
  38  5:04  Stargate  
  39  5:10  Photon Cannon  
  39  5:15  Probe  
  40  5:27  Probe  
  41  5:31  Void Ray  
  45  5:37  Probe  
  46  5:44  Photon Cannon  
  46  5:45  Probe  
  47  5:52  Void Ray  
  47  5:54  Probe  
  52  6:05  Stargate  
  52  6:06  Probe  
  53  6:18  Probe, Void Ray  
  54  6:19  Void Ray  
  58  6:31  Probe  
  58  6:32  Stargate  
  62  6:39  Probe  
  64  6:48  Void Ray  
  64  6:49  Probe  
  69  7:06  Nexus  
  69  7:17  Pylon  
  69  7:35  Void Ray x2  
  77  7:48  Pylon  
  77  8:00  Nexus  
  77  8:04  Void Ray  
  77  8:08  Void Ray  
  85  8:18  Void Ray  
  89  8:34  Void Ray  
  89  8:35  Void Ray  
  89  8:41  Probe  
  98  8:49  Probe  
  98  8:51  Assimilator  
  99  8:58  Probe  
  100  9:11  Probe  
  97  9:23  Probe  
Tags
 
Matchup
PvP
Spawn Locations
Cross Positions
Add a new tag
Caveats
  • Supply blocks, unpowered buildings, or Contaminate may cause inaccurate times.
  • Supply counts are checked every 10 seconds.